[ AOE2 MATCH · #506382939 ]
UnrankedBurgundians vs Burmese
Player's team · LOSS
Rival team · WIN
[ REPLAY ANALYSIS · EXTRACTED FROM THE RECORDED GAME ]
Feudal
10:10
Castle
23:38
Imperial
—
| APM avg | 65.6 |
| APM peak | 99 |
| eAPM avg | 39.2 |
| Villagers / military | 118 / 17 |
Focus
⚔️ 59.3% · 🌾 40.7%
Fishing Ship ×19 · Flemish Militia ×11 · Unknown (2626) ×9 · Coustillier ×4 · Mangonel ×1 · Trade Cog ×1
Feudal
10:43
Castle
14:47
Imperial
—
| APM avg | 60.9 |
| APM peak | 107 |
| eAPM avg | 26.8 |
| Villagers / military | 69 / 32 |
Focus
⚔️ 43.4% · 🌾 56.6%
Arambai ×26 · Mangonel ×4 · Monk ×1 · Battering Ram ×1
Match map
Initial resources + every placement click. Lines = walls · curves = elevation contours. ◆ gold · ⬟ stone · ● berries · ✦ relic · ◌ wall gap
Your base· ✓ Closed at 23:38 · 96t walls · 5 gate(s)
Antymon's base· Open — 5t gap
Smoothed initial terrain · ◌ = detected wall gap · hover for details
Inputs per minute
— HaraKiri_aoe - - Antymon
Build order — HaraKiri_aoe
First 150 of 263 actions detected
| 0:00 | Create | Villager (Male) |
| 0:01 | Create | Villager (Male) |
| 0:02 | Build | House |
| 0:03 | Create | Villager (Male) |
| 0:04 | Build | House |
| 0:04 | Create | Villager (Male) |
| 1:13 | Create | Villager (Male) |
| 1:52 | Create | Villager (Male) |
| 1:53 | Create | Villager (Male) |
| 2:17 | Build | Lumber Camp |
| 2:32 | Create | Villager (Male) |
| 2:33 | Create | Villager (Male) |
| 3:16 | Create | Villager (Male) |
| 3:32 | Build | House |
| 3:39 | Create | Villager (Male) |
| 3:54 | Research | Double-Bit Axe |
| 4:12 | Create | Villager (Male) |
| 4:48 | Build | Dock |
| 4:51 | Create | Villager (Male) |
| 5:06 | Create | Villager (Male) |
| 5:21 | Build | House |
| 5:24 | Create | Villager (Male) |
| 5:26 | Create | Fishing Ship |
| 5:56 | Create | Fishing Ship |
| 6:03 | Create | Villager (Male) |
| 6:34 | Create | Villager (Male) |
| 6:37 | Research | Loom |
| 6:50 | Create | Transport Ship |
| 7:13 | Build | House |
| 7:28 | Create | Villager (Male) |
| 7:32 | Create | Fishing Ship |
| 7:41 | Create | Villager (Male) |
| 7:44 | Create | Villager (Male) |
| 7:54 | Create | Villager (Male) |
| 7:54 | Create | Villager (Male) |
| 8:00 | Research | Feudal Age |
| 8:25 | Create | Villager (Male) |
| 8:29 | Build | Mining Camp |
| 8:30 | Create | Fishing Ship |
| 8:49 | Build | Barracks |
| 9:14 | Create | Villager (Male) |
| 9:26 | Build | House |
| 9:35 | Research | Tech 906 |
| 9:36 | Research | Tech 906 |
| 9:53 | Build | Dock |
| 10:08 | Create | Villager (Male) |
| 10:10 | Age | Feudal Age |
| 10:11 | Create | Flemish Militia |
| 10:13 | Create | Flemish Militia |
| 10:15 | Create | Villager (Male) |
| 10:20 | Research | Bow Saw |
| 10:35 | Create | Flemish Militia |
| 10:39 | Create | Flemish Militia |
| 10:40 | Create | Flemish Militia |
| 10:50 | Create | Flemish Militia |
| 11:05 | Create | Villager (Male) |
| 11:12 | Build | Watch Tower |
| 11:17 | Build | Watch Tower |
| 11:21 | Build | Watch Tower |
| 11:35 | Create | Villager (Male) |
| 11:35 | Create | Villager (Male) |
| 11:43 | Create | Villager (Male) |
| 11:59 | Create | Villager (Male) |
| 12:00 | Create | Villager (Male) |
| 12:05 | Build | Watch Tower |
| 12:19 | Research | Arson |
| 12:19 | Create | Flemish Militia |
| 12:21 | Create | Fishing Ship |
| 12:21 | Create | Fishing Ship |
| 12:21 | Create | Fishing Ship |
| 12:22 | Create | Fishing Ship |
| 12:25 | Build | House |
| 12:26 | Build | House |
| 12:35 | Build | House |
| 12:36 | Build | House |
| 12:38 | Create | Villager (Male) |
| 12:42 | Create | Trade Cog |
| 12:42 | Create | Unit 2626 |
| 12:49 | Create | Unit 2626 |
| 12:51 | Create | Flemish Militia |
| 13:02 | Build | House |
| 13:03 | Create | Villager (Male) |
| 13:06 | Build | Stone Wall |
| 13:08 | Create | Villager (Male) |
| 13:15 | Create | Fishing Ship |
| 13:15 | Create | Fishing Ship |
| 13:18 | Create | Unit 2626 |
| 13:19 | Create | Unit 2626 |
| 13:20 | Create | Villager (Male) |
| 13:28 | Build | Outpost |
| 13:40 | Build | Mining Camp |
| 13:43 | Create | Villager (Male) |
| 13:45 | Build | Lumber Camp |
| 13:52 | Build | House |
| 13:52 | Build | House |
| 13:54 | Research | Town Watch |
| 14:02 | Create | Villager (Male) |
| 14:20 | Build | Palisade Wall |
| 14:21 | Build | Palisade Wall |
| 14:21 | Build | Palisade Wall |
| 14:22 | Build | Palisade Wall |
| 14:23 | Build | Palisade Wall |
| 14:25 | Create | Villager (Male) |
| 14:25 | Create | Villager (Male) |
| 14:36 | Create | Unit 2626 |
| 14:37 | Create | Unit 2626 |
| 14:37 | Create | Unit 2626 |
| 14:46 | Create | Villager (Male) |
| 14:53 | Create | Unit 2626 |
| 14:53 | Create | Unit 2626 |
| 14:58 | Create | Fishing Ship |
| 15:03 | Create | Fishing Ship |
| 15:03 | Create | Fishing Ship |
| 15:09 | Build | Outpost |
| 15:09 | Create | Villager (Male) |
| 15:10 | Create | Villager (Male) |
| 15:19 | Build | Mill |
| 15:43 | Build | Stone Wall |
| 15:44 | Create | Villager (Male) |
| 15:45 | Create | Villager (Male) |
| 15:53 | Build | Market |
| 16:02 | Build | Mining Camp |
| 16:10 | Create | Villager (Male) |
| 16:19 | Create | Villager (Male) |
| 16:24 | Build | Stone Wall |
| 16:26 | Create | Villager (Male) |
| 16:31 | Build | Stone Wall |
| 16:33 | Build | Stone Wall |
| 16:41 | Create | Fishing Ship |
| 16:41 | Create | Fishing Ship |
| 16:56 | Create | Villager (Male) |
| 17:03 | Build | Stone Wall |
| 17:13 | Build | Stone Wall |
| 17:13 | Create | Villager (Male) |
| 17:14 | Create | Villager (Male) |
| 17:56 | Create | Villager (Male) |
| 18:00 | Build | Stone Wall |
| 18:07 | Build | Lumber Camp |
| 18:10 | Build | Stone Wall |
| 18:15 | Build | Stone Wall |
| 18:18 | Create | Villager (Male) |
| 18:19 | Build | Farm |
| 18:20 | Create | Villager (Male) |
| 18:21 | Build | Farm |
| 18:23 | Build | Farm |
| 18:23 | Build | Farm |
| 18:23 | Build | Farm |
| 18:23 | Build | Farm |
| 18:24 | Build | Farm |
| 18:24 | Build | Farm |
Build order — Antymon
First 150 of 167 actions detected
| 0:01 | Create | Villager (Male) |
| 0:01 | Create | Villager (Male) |
| 0:01 | Create | Villager (Male) |
| 0:02 | Create | Villager (Male) |
| 0:02 | Build | House |
| 0:04 | Build | House |
| 1:15 | Create | Villager (Male) |
| 2:08 | Create | Villager (Male) |
| 2:08 | Create | Villager (Male) |
| 2:08 | Create | Villager (Male) |
| 2:35 | Build | Lumber Camp |
| 2:45 | Create | Villager (Male) |
| 2:56 | Create | Villager (Male) |
| 3:24 | Create | Villager (Male) |
| 4:00 | Create | Villager (Male) |
| 4:23 | Build | House |
| 4:37 | Create | Villager (Male) |
| 4:41 | Build | Mill |
| 5:06 | Create | Villager (Male) |
| 5:18 | Build | House |
| 5:19 | Build | House |
| 5:30 | Create | Villager (Male) |
| 5:31 | Create | Villager (Male) |
| 5:31 | Create | Villager (Male) |
| 5:41 | Create | Villager (Male) |
| 5:41 | Create | Villager (Male) |
| 5:59 | Create | Villager (Male) |
| 7:07 | Create | Villager (Male) |
| 7:44 | Build | Mining Camp |
| 8:20 | Build | Mining Camp |
| 8:33 | Research | Feudal Age |
| 9:02 | Create | Villager (Male) |
| 9:03 | Create | Villager (Male) |
| 10:20 | Create | Villager (Male) |
| 10:28 | Build | Dock |
| 10:43 | Age | Feudal Age |
| 10:47 | Build | Blacksmith |
| 10:52 | Build | Market |
| 11:15 | Build | Palisade Wall |
| 11:16 | Build | Palisade Wall |
| 11:17 | Build | Palisade Wall |
| 11:27 | Build | Palisade Wall |
| 11:28 | Build | Palisade Wall |
| 11:30 | Build | House |
| 11:43 | Build | Watch Tower |
| 11:52 | Build | Palisade Wall |
| 11:55 | Build | Palisade Wall |
| 12:07 | Research | Castle Age |
| 12:29 | Research | Loom |
| 12:53 | Build | Palisade Wall |
| 12:59 | Build | Palisade Wall |
| 13:42 | Build | Dock |
| 13:44 | Build | House |
| 14:08 | Build | Palisade Wall |
| 14:10 | Build | Palisade Wall |
| 14:18 | Build | House |
| 14:47 | Age | Castle Age |
| 14:57 | Create | Villager (Male) |
| 15:30 | Build | Castle |
| 15:35 | Build | Lumber Camp |
| 15:43 | Create | Villager (Male) |
| 15:48 | Create | Villager (Male) |
| 15:58 | Create | Villager (Male) |
| 16:16 | Create | Arambai |
| 16:34 | Create | Arambai |
| 16:34 | Create | Arambai |
| 16:56 | Create | Arambai |
| 16:57 | Create | Villager (Male) |
| 17:06 | Build | Farm |
| 17:11 | Build | Farm |
| 17:24 | Build | Farm |
| 17:28 | Build | Farm |
| 17:38 | Create | Arambai |
| 17:54 | Create | Arambai |
| 18:02 | Build | Farm |
| 18:05 | Build | Farm |
| 18:14 | Create | Arambai |
| 18:19 | Create | Villager (Male) |
| 18:26 | Build | Farm |
| 18:35 | Create | Arambai |
| 18:52 | Build | Farm |
| 18:53 | Create | Villager (Male) |
| 19:00 | Create | Arambai |
| 19:29 | Create | Villager (Male) |
| 19:41 | Build | Town Center |
| 19:59 | Create | Villager (Male) |
| 20:19 | Create | Villager (Male) |
| 20:20 | Create | Villager (Male) |
| 20:37 | Create | Arambai |
| 20:38 | Create | Arambai |
| 20:56 | Create | Villager (Male) |
| 21:03 | Create | Arambai |
| 21:05 | Build | House |
| 21:06 | Build | House |
| 21:06 | Build | House |
| 21:14 | Create | Villager (Male) |
| 21:21 | Create | Arambai |
| 21:25 | Create | Villager (Male) |
| 21:40 | Create | Villager (Male) |
| 21:41 | Create | Arambai |
| 22:18 | Create | Villager (Male) |
| 22:30 | Create | Villager (Male) |
| 22:40 | Create | Arambai |
| 22:44 | Create | Villager (Male) |
| 22:47 | Create | Arambai |
| 22:47 | Create | Arambai |
| 23:04 | Create | Villager (Male) |
| 23:12 | Create | Arambai |
| 23:16 | Build | Siege Workshop |
| 23:19 | Create | Villager (Male) |
| 23:42 | Create | Villager (Male) |
| 23:43 | Create | Arambai |
| 23:46 | Create | Arambai |
| 23:56 | Create | Villager (Male) |
| 24:04 | Build | Town Center |
| 24:09 | Create | Mangonel |
| 24:51 | Create | Villager (Male) |
| 24:57 | Create | Villager (Male) |
| 24:57 | Create | Villager (Male) |
| 25:00 | Create | Mangonel |
| 25:14 | Create | Villager (Male) |
| 25:15 | Build | House |
| 25:21 | Build | House |
| 25:21 | Build | House |
| 25:36 | Build | Blacksmith |
| 25:39 | Create | Villager (Male) |
| 25:48 | Create | Villager (Male) |
| 26:18 | Create | Mangonel |
| 26:23 | Create | Villager (Male) |
| 26:38 | Create | Battering Ram |
| 26:56 | Create | Villager (Male) |
| 27:04 | Create | Villager (Male) |
| 27:15 | Create | Villager (Male) |
| 27:16 | Build | Farm |
| 27:16 | Build | Farm |
| 27:17 | Build | Farm |
| 27:18 | Build | Farm |
| 27:18 | Build | Farm |
| 27:19 | Build | Farm |
| 27:19 | Build | Farm |
| 27:19 | Build | Farm |
| 27:19 | Build | Farm |
| 27:19 | Build | Farm |
| 27:20 | Build | Farm |
| 27:27 | Create | Arambai |
| 27:52 | Create | Mangonel |
| 28:11 | Create | Villager (Male) |
| 28:13 | Create | Arambai |
| 28:13 | Create | Arambai |
| 28:16 | Build | Farm |
Match timeline
| 4:48 | HaraKiri_aoe · first_building Dock |
| 8:49 | HaraKiri_aoe · first_building Barracks |
| 10:10 | HaraKiri_aoe · age_up feudal |
| 10:28 | Antymon · first_building Dock |
| 10:43 | Antymon · age_up feudal |
| 11:15 | Antymon · wall_segment Palisade Wall x1 |
| 11:16 | Antymon · wall_segment Palisade Wall x1 |
| 11:17 | Antymon · wall_segment Palisade Wall x1 |
| 11:27 | Antymon · wall_segment Palisade Wall x1 |
| 11:28 | Antymon · wall_segment Palisade Wall x1 |
| 11:52 | Antymon · wall_segment Palisade Wall x1 |
| 11:55 | Antymon · wall_segment Palisade Wall x1 |
| 12:53 | Antymon · wall_segment Palisade Wall x1 |
| 12:59 | Antymon · wall_segment Palisade Wall x1 |
| 13:06 | HaraKiri_aoe · wall_segment Stone Wall x1 |
| 14:08 | Antymon · wall_segment Palisade Wall x1 |
| 14:10 | Antymon · wall_segment Palisade Wall x1 |
| 14:20 | HaraKiri_aoe · wall_segment Palisade Wall x1 |
| 14:21 | HaraKiri_aoe · wall_segment Palisade Wall x1 |
| 14:21 | HaraKiri_aoe · wall_segment Palisade Wall x1 |
| 14:22 | HaraKiri_aoe · wall_segment Palisade Wall x1 |
| 14:23 | HaraKiri_aoe · wall_segment Palisade Wall x1 |
| 14:47 | Antymon · age_up castle |
| 15:30 | Antymon · first_building Castle |
| 15:43 | HaraKiri_aoe · wall_segment Stone Wall x7 |
| 16:24 | HaraKiri_aoe · wall_segment Stone Wall x3 |
| 16:31 | HaraKiri_aoe · wall_segment Stone Wall x2 |
| 16:33 | HaraKiri_aoe · wall_segment Stone Wall x14 |
| 17:03 | HaraKiri_aoe · wall_segment Stone Wall x8 |
| 17:13 | HaraKiri_aoe · wall_segment Stone Wall x15 |
| 18:00 | HaraKiri_aoe · wall_segment Stone Wall x5 |
| 18:10 | HaraKiri_aoe · wall_segment Stone Wall x7 |
| 18:15 | HaraKiri_aoe · wall_segment Stone Wall x9 |
| 18:32 | HaraKiri_aoe · wall_segment Stone Wall x12 |
| 18:40 | HaraKiri_aoe · first_market_buy 500 food |
| 19:46 | HaraKiri_aoe · wall_segment Stone Wall x1 |
| 19:50 | HaraKiri_aoe · wall_segment Stone Wall x8 |
| 19:56 | HaraKiri_aoe · wall_segment Stone Wall x3 |
| 20:44 | HaraKiri_aoe · wall_segment Stone Wall x1 |
| 21:21 | HaraKiri_aoe · wall_segment Stone Wall x1 |
| 21:21 | HaraKiri_aoe · wall_segment Stone Wall x1 |
| 22:13 | HaraKiri_aoe · wall_segment Stone Wall x1 |
| 23:16 | Antymon · first_building Siege Workshop |
| 23:21 | HaraKiri_aoe · wall_segment Stone Wall x1 |
| 23:38 | HaraKiri_aoe · age_up castle |
| 24:04 | HaraKiri_aoe · first_building Castle |
| 26:59 | HaraKiri_aoe · first_market_sell 100 food |
| 27:28 | HaraKiri_aoe · first_building Siege Workshop |
| 29:44 | Antymon · first_building Monastery |
| 31:07 | HaraKiri_aoe · resign |
[ AI ANALYSIS · 1 CREDIT ]
What really happened in this match?
Wolo.gg analyzes every decision: build order, eco, micro, common mistakes by bracket. Personalized analysis on WhatsApp or Discord in 30 seconds.
Civ guide
Burgundians
Perfil
HaraKiri_aoe